 Dungeon Crawl Stone Soup version 0.29.1-12-g30fa7ad0bf (webtiles) character file.

Game seed: 7039004351643123948

16869 Lutefisk the Zephyrmancer (level 12, -4/76 HPs)
             Began as a Tengu Air Elementalist on Dec 15, 2022.
             Was a Priest of Sif Muna.
             Slain by an ice devil (11 damage)
             ... on level 2 of the Lair of Beasts.
             The game lasted 01:12:54 (7399 turns).

Lutefisk the Zephyrmancer (Tengu Air Elementalist)  Turns: 7399, Time: 01:12:54

Health: -4/76      AC:  6    Str:  8    XL:     12   Next: 42%
Magic:  19/26      EV: 22    Int: 19    God:    Sif Muna [***...]
Gold:   517        SH:  6    Dex: 17    Spells: 16/29 levels left

rFire   . . .      SeeInvis .   O - +1 demon whip (venom)
rCold   . . .      Faith    .   N - +0 buckler
rNeg    . . .      Spirit   .   D - +0 troll leather armour {Pargi}
rPois   .          Reflect  .   (helmet restricted)
rElec   .          Harm     .   K - +0 cloak
rCorr   .          Rampage  .   (no gloves)
Will    .....                   (boots unavailable)
Stlth   ++........              (no amulet)
HPRegen 1.02/turn               n - +4 ring of evasion
MPRegen 0.20/turn               (no ring)

@: flying quickly and evasively, quick
A: beak, talons 3, nimble flight
a: Renounce Religion, Channel Magic, Forget Spell


You were on level 2 of the Lair of Beasts.
You worshipped Sif Muna.
Sif Muna was most pleased with you.
You visited 3 branches of the dungeon, and saw 15 of its levels.
You also visited: Sewer, Bailey and Ice Cave.

You collected 636 gold pieces.
You spent 119 gold pieces at shops.

Inventory:

Hand Weapons
 f - a +0 trident
 O - a +1 demon whip of venom (weapon)
Missiles
 c - 20 poisoned darts (quivered)
Armour
 a - a +0 kite shield
 D - a +0 troll leather armour (worn) {Pargi}
 K - a +0 cloak (worn)
 N - a +0 buckler (worn)
Magical Staves
 L - a staff of death
Jewellery
 l - a ring of fire
 n - a +4 ring of evasion (left hand)
Wands
 p - a wand of iceblast (14)
 y - a wand of mindburst (6)
 E - a wand of polymorph (5)
 J - a wand of quicksilver (4)
Scrolls
 e - 2 scrolls of magic mapping {unknown}
 g - a scroll of fear {unknown}
 i - 2 scrolls of teleportation
 j - 3 scrolls of immolation
 k - 3 scrolls of amnesia {unknown}
 m - 8 scrolls of enchant armour {unknown}
 r - 8 scrolls of identify {unknown}
 s - a scroll of brand weapon {unknown}
 u - a scroll of vulnerability {unknown}
 B - 2 scrolls of torment {unknown}
 C - 3 scrolls of blinking {unknown}
 H - 2 scrolls of enchant weapon {unknown}
Potions
 b - 3 potions of magic
 d - 3 potions of flight {unknown}
 h - a potion of degeneration {unknown}
 o - 4 potions of curing
 q - 5 potions of haste {unknown}
 t - 4 potions of resistance {unknown}
 v - a potion of ambrosia {unknown}
 w - 2 potions of cancellation {unknown}
 x - 2 potions of heal wounds
 z - 2 potions of lignification {unknown}
 A - a potion of brilliance {unknown}
 F - 2 potions of might {unknown}
 I - 2 potions of mutation {unknown}


   Skills:
 - Level 9.0 Fighting
 - Level 1.0 Throwing
 * Level 5.9 Armour
 - Level 8.0 Dodging
 - Level 3.0 Stealth
 - Level 5.0 Shields
 * Level 9.0 Spellcasting
 - Level 5.0 Conjurations
 - Level 11.0 Air Magic
 - Level 4.0 Invocations
 - Level 5.0 Evocations


You had 16 spell levels left.
You knew the following spells:

 Your Spells              Type           Power      Damage    Failure   Level
a - Shock                 Conj/Air       100%       1d9       1%          1
b - Static Discharge      Conj/Air       39%        3-8/arc   1%          2
c - Swiftness             Air            50%        N/A       1%          3
d - Airstrike             Air            25%        2d(4-20)  1%          4
e - Mephitic Cloud        Conj/Pois/Air  28%        N/A       4%          3

Your spell library contained the following spells:

 Spells                   Type           Power      Damage    Failure   Level
 Magic Dart               Conj           100%       1d8       1%          1
 Sting                    Tmut/Pois      32%        1d4       14%         1
 Stone Arrow              Conj/Erth      36%        3d9       16%         3
 Call Imp                 Summ           8%         N/A       22%         2
 Scorch                   Fire           16%        2d5       22%         2
 Call Canine Familiar     Summ           8%         N/A       41%         3
 Flame Wave               Conj/Fire      18%        2d7       45%         4
 Sticky Flame             Conj/Fire      18%        2d4       45%         4
 Animate Armour           Summ/Erth      16%        N/A       82%         4
 Dispel Undead            Necr           8%         3d8       82%         4
 Petrify                  Tmut/Erth      8%         N/A       82%         4
 Blade Hands              Tmut           4%         N/A       99%         5
 Summon Cactus Giant      Summ           4%         N/A       100%        6
 Lehudib's Crystal Spear  Conj/Erth      9%         10d4      100%        8


Dungeon Overview and Level Annotations

Branches:
Dungeon (12/15)            Temple (1/1) D:4            Lair (2/5) D:9
  Swamp (0/4) Lair:2        Sewer (visited)          Bailey (visited)
  IceCv (visited)
  Snake: Lair:2-3    Spider: Lair:2-3       Orc: D:9-12

Altars:
Ashenzari
Cheibriados
Dithmenos
Elyvilon
Fedhas
Gozag
Hepliaklqana
Makhleb
Nemelex Xobeh
Okawaru
Qazlal
Ru
Sif Muna
Trog
Uskayaw
Vehumet
Wu Jian
Xom
Yredelemnul
Zin
The Shining One

Shops:
D:2 =   D:3 [   D:4 (!([   D:8 *

Annotations:
D:3 Sigmund
D:10 Lodul
Lair:1 Sonja
Lair:2 exclusion: oklob plant


Innate Abilities, Weirdness & Mutations

You have a beak for a mouth.
You have claws for feet.
Your magical nature lets you fly swiftly and evasively.


Message History

The ball explodes into a vile cloud!
The stinking cloud engulfs the white ugly thing but does no damage.
You hear a horrible gurgling sound!
The white ugly thing is engulfed in noxious fumes.
Casting: Mephitic Cloud (dangerous; 4% risk of failure)
Confirm with . or Enter, or press ? or * to list all spells.
Aiming: Airstrike (dangerous; 1% risk of failure)
Press: ? - help, Dir - move target, f/p - white ugly thing
Aim: a white ugly thing (noxious fumes, empty space bonus: 7/8)
Okay, then.
You hit the white ugly thing but do no damage.
You peck the white ugly thing, but do no damage.
The white ugly thing is engulfed in noxious fumes.
The white ugly thing completely misses you.
Unknown command.
Casting: Airstrike (dangerous; 1% risk of failure)
Confirm with . or Enter, or press ? or * to list all spells.
The white ugly thing is struck by an arc of lightning.
The white ugly thing is lightly wounded.
You are struck by an arc of lightning.
The white ugly thing is struck by an arc of lightning!
The white ugly thing is lightly wounded.
You are struck by an arc of lightning.
The white ugly thing is struck by an arc of lightning!
The white ugly thing is moderately wounded.
The lightning grounds out.
You feel less invigorated.
The white ugly thing is engulfed in noxious fumes.
The white ugly thing gores you! The white ugly thing freezes you!!
The white ugly thing is engulfed in noxious fumes.
There is an ice covered gate leading back out of this place here.
The white ugly thing gores you! The white ugly thing freezes you!!
* * * LOW HITPOINT WARNING * * *
The ice devil barely misses you.
Welcome back to the Lair of Beasts!
Level annotation: exclusion: oklob plant
There is a collapsed entrance here.
Okay, then.
You block the white ugly thing's attack.
The ice devil hits you!
You die...

#........P.....
##....##.†.....#
#P...##.......#.
##...###.....#..
####...###.....#...
#..................
##......##.P.....##.
##..#..#.###.....####
#..#@#..## ##........
#4.u#.# #........
#P..#.#..# .........
##...#..#.# #........
#.... ....# #..###.##
...... ..### ## #
##P.... #.# ##.... .#
....# ## ..


You could see a white ugly thing and an ice devil.

Vanquished Creatures
  A hydra (Lair:2)
  A fire crab (Lair:1)
  Amaemon (D:9)
  An ice statue (IceCv)
  Maurice (D:8)
  An orange demon (D:9)
  2 cane toads (Lair:2)
  3 unseen horrors
  4 komodo dragons
  Psyche (D:8)
  3 ice devils (IceCv)
  2 freezing wraiths (IceCv)
  A troll (D:12)
  A polar bear (Lair:1)
  4 blink frogs
  4 wyverns
  A spriggan (Bailey)
  7 yaks
  A wraith (D:10)
  3 dire elephant simulacra (IceCv)
  A basilisk (Lair:1)
  A steam dragon (D:7)
  4 death yak simulacra (IceCv)
  A harpy simulacrum (IceCv)
  2 hydra simulacra (IceCv)
  4 water moccasins
  Pargi (Sewer)
  2 orc warriors (D:10)
  An ice beast (D:6)
  4 black bears
  A sky beast (D:6)
  8 ogres
  7 wolves (Lair:1)
  3 centaurs
  A phantom (D:4)
  A kobold brigand (D:10)
  4 bullfrogs
  A gnoll sergeant (D:8)
  A necrophage (D:6)
  5 scorpions
  4 cane toad simulacra (IceCv)
  A water moccasin zombie (D:5)
  3 jellies
  A water moccasin skeleton (D:5)
  3 elephant simulacra (IceCv)
  7 killer bees
  A lava snake (D:7)
  2 centaur zombies (D:5)
  A hound (D:4)
  4 orc priests
  A gnoll bouda (D:7)
  4 iguanas
  Jessica (D:3)
  13 orc wizards
  2 polar bear simulacra (IceCv)
  A spriggan simulacrum (IceCv)
  7 wolf simulacra (IceCv)
  A hound zombie (D:5)
  2 hound skeletons (D:5)
  A howler monkey zombie (D:5)
  9 adders
  15 gnolls
  2 naga simulacra (IceCv)
  A river rat (D:6)
  A white imp (IceCv)
  7 ufetubi
  A worm (D:2)
  39 orcs
  5 ball pythons
  3 endoplasms
  5 giant cockroaches
  8 goblins
  7 hobgoblins
  8 jackals
  2 quokkas
  6 bats
  6 frilled lizards
  9 kobolds
  6 rats
296 creatures vanquished.

Vanquished Creatures (others)
  41 plants
  A withered plant (D:5)
42 creatures vanquished.

Grand Total: 338 creatures vanquished

Notes
Turn   | Place    | Note
-------+----------+-------------------------------------------
     0 | D:1      | Lutefisk the Tengu Air Elementalist began the quest for the
                  | Orb.
     0 | D:1      | Reached XP level 1. HP: 10/10 MP: 4/4
   130 | D:1      | Reached skill level 1 in Fighting
   173 | D:1      | Reached XP level 2. HP: 11/16 MP: 3/6
   421 | D:2      | Learned a level 2 spell: Static Discharge
   464 | D:2      | Reached XP level 3. HP: 20/22 MP: 3/7
   522 | D:2      | Found Ihauf's Jewellery Boutique.
   685 | D:3      | Noticed Jessica
   688 | D:3      | Killed Jessica
   689 | D:3      | Reached skill level 1 in Armour
   689 | D:3      | Reached XP level 4. HP: 22/28 MP: 4/8
   703 | D:3      | Found Gimef's Armour Shoppe.
   859 | D:2      | Found a faded altar of an unknown god.
  1157 | D:3      | Reached skill level 5 in Air Magic
  1157 | D:3      | Gained mutation: Your magical nature lets you fly swiftly
                  | and evasively. [Tengu growth]
  1157 | D:3      | Reached XP level 5. HP: 23/32 MP: 3/9
  1186 | D:3      | Learned a level 3 spell: Swiftness
  1239 | D:3      | Noticed Sigmund
  1325 | D:4      | Found Ameedeodd's Antique Weapon Boutique.
  1381 | D:4      | Found Curerimn's Distillery.
  1404 | D:4      | Noticed an ogre
  1419 | D:4      | Killed an ogre
  1420 | D:4      | Reached skill level 6 in Air Magic
  1420 | D:4      | Reached XP level 6. HP: 30/38 MP: 0/10
  1480 | D:4      | Found a staircase to the Ecumenical Temple.
  1492 | Temple   | Entered the Ecumenical Temple
  1571 | D:4      | Reached skill level 1 in Throwing
  1575 | D:4      | Found a sacrificial altar of Ru.
  1602 | D:4      | Noticed a black bear
  1648 | D:4      | Killed a black bear
  1759 | D:5      | Entered Level 5 of the Dungeon
  1768 | D:4      | Reached XP level 7. HP: 29/43 MP: 3/12
  1865 | D:3      | Learned a level 4 spell: Airstrike
  1962 | D:4      | Found Xoinguig's Armour Emporium.
  1994 | D:4      | Found Vigyak's Weapon Shoppe.
  2025 | D:4      | Bought 2 potions of heal wounds for 110 gold pieces
  2258 | D:5      | Reached skill level 7 in Air Magic
  2271 | D:5      | Reached skill level 5 in Fighting
  2294 | D:5      | Reached XP level 8. HP: 19/49 MP: 0/13
  2423 | D:5      | Reached skill level 8 in Air Magic
  2423 | D:5      | Reached skill level 1 in Evocations
  2599 | D:5      | Found a shadowy altar of Dithmenos.
  2945 | D:6      | Reached skill level 5 in Spellcasting
  2945 | D:6      | Reached XP level 9. HP: 22/55 MP: 4/17
  3256 | D:6      | Found a glowing drain.
  3265 | Sewer    | Entered a sewer
  3291 | Sewer    | Noticed Pargi
  3295 | Sewer    | Killed Pargi
  3549 | D:7      | Reached skill level 5 in Dodging
  3700 | D:7      | Reached skill level 5 in Armour
  3843 | D:7      | Killed an unseen horror
  3844 | D:7      | Reached skill level 5 in Evocations
  3844 | D:7      | Reached skill level 5 in Conjurations
  3853 | D:7      | Found a flagged portal.
  3870 | Bailey   | Entered a bailey
  3919 | Bailey   | Reached XP level 10. HP: 46/63 MP: 2/18
  3937 | D:7      | Reached skill level 9 in Air Magic
  4075 | D:8      | Found a white marble altar of Elyvilon.
  4075 | D:8      | Found a hide-covered altar of Uskayaw.
  4075 | D:8      | Found a bloodstained altar of Trog.
  4111 | D:8      | Noticed Psyche
  4111 | D:8      | Noticed Maurice
  4129 | D:8      | Killed Maurice
  4143 | D:8      | Killed Psyche
  4144 | D:8      | Reached skill level 10 in Air Magic
  4307 | D:8      | Found Baki's CLEARANCE SALE!.
  4311 | D:8      | Bought a potion of curing for 9 gold pieces
  4379 | D:8      | Reached skill level 1 in Shields
  4535 | D:8      | Killed an unseen horror
  4602 | D:8      | Found a shimmering blue altar of Sif Muna.
  4608 | D:8      | Became a worshipper of Sif Muna the Loreminder
  4824 | D:9      | Noticed Amaemon
  4826 | D:9      | Noticed an orange demon
  4860 | D:9      | Killed Amaemon
  4915 | D:9      | Killed an orange demon
  4916 | D:9      | Reached skill level 1 in Invocations
  4998 | D:9      | Noticed a fire dragon
  5015 | D:10     | Entered Level 10 of the Dungeon
  5093 | D:10     | Noticed Lodul
  5169 | D:10     | Reached * piety under Sif Muna
  5175 | D:10     | Reached XP level 11. HP: 68/68 MP: 1/19
  5198 | D:10     | Got Besovaaj's Anthology of Assistive Reformation
  5207 | D:10     | Learned a level 3 spell: Mephitic Cloud
  5223 | D:10     | Found a sparkling altar of Nemelex Xobeh.
  5341 | D:9      | You are sucked into a shaft and drop 3 floors!
  5440 | D:11     | Noticed a two-headed ogre
  5581 | D:9      | Found a glowing golden altar of the Shining One.
  5625 | D:9      | Found a staircase to the Lair.
  5635 | Lair:1   | Entered Level 1 of the Lair of Beasts
  5773 | Lair:1   | Reached ** piety under Sif Muna
  5796 | Lair:1   | Noticed Sonja
  5806 | Lair:1   | Noticed a boulder beetle
  5946 | Lair:1   | Reached skill level 5 in Shields
  5982 | Lair:1   | Noticed a fire crab
  6042 | Lair:1   | Reached skill level 11 in Air Magic
  6068 | Lair:1   | Killed a fire crab
  6123 | Lair:1   | Noticed a five-headed hydra
  6165 | Lair:1   | Noticed a death yak
  6166 | Lair:1   | Noticed a death yak
  6229 | Lair:2   | Noticed an oklob plant
  6261 | Lair:2   | Found a staircase to the Swamp.
  6263 | Lair:2   | Noticed a seven-headed hydra
  6269 | Lair:2   | Killed a seven-headed hydra
  6270 | Lair:2   | Reached XP level 12. HP: 73/73 MP: 0/25
  6295 | Lair:2   | Found a radiant altar of Vehumet.
  6317 | Lair:2   | Found a frozen archway.
  6357 | IceCv    | Entered an ice cave
  6671 | IceCv    | Found an ancient bone altar of Kikubaaqudgha.
  7035 | IceCv    | Reached *** piety under Sif Muna
  7399 | Lair:2   | Slain by an ice devil

Illustrated notes

Levels and vault maps discovered:
D:1:      sevenhm_arrival_forest_fort_large_4, layout_rooms,
          minmay_misc_feat_tower
D:2:      layout_basic, serial_shops, nicolae_shop_crystal,
          shapermc_ecumenical_altar_mp_ritualfount, kennysheep_cross_room,
          minivault_4, minivault_24, minmay_split_cup_large
D:3:      layout_basic, serial_shops, nicolae_shop_waterfront,
          grunt_ministairs_14, kennysheep_generic_room_13, uniq_sigmund,
          uniq_jessica
D:4:      layout_gridville, hangedman_ru_absence,
          minmay_temple_entry_antechambers, serial_shops, nicolae_stop_n_shop_2,
          nicolae_shop_hallway_plus, nicolae_shop_window_shopping,
          nicolae_shop_behind_doors
D:5:      layout_basic, mainiacjoe_overflow_alcove_2, serial_undead,
          serial_undead_c, serial_undead_b, serial_undead_d, serial_undead_a
D:6:      layout_basic, portal_sewer_entry_b
D:7:      layout_basic, enter_bailey_3, amcnicky_mini_pool_medium
D:8:      layout_gridville, mainiacjoe_overflow_six_doors_small,
          gammafunk_temple_overflow_forgotten, minmay_misc_feat_tiny,
          nicolae_shop_clearance, uniq_psyche, uniq_maurice
D:9:      layout_layer_cave, tso_altar, david_lair_shrubbed, uniq_amaemon
D:10:     layout_rooms, mainiacjoe_overflow_catwalk,
          mainiacjoe_overflow_brackets, uniq_maggie, uniq_lodul
D:11:     layout_basic, serial_shops, nicolae_shop_crystal, serial_glass,
          glass_columns_b, glass_columns_a
D:12:     minmay_stepped, layout_loops_ring,
          kennysheep_orc_monster_closet_entryway, uniq_nessos
Temple:   nicolae_temple_ecumenical_triangle
Lair:1:   layout_gridlike, enter_volcano_2, grunt_megastairs_4,
          serial_bayou_shore_b, uniq_sonja
Lair:2:   beast_lair_carwin_large_3, layout_gridlike, swamp_mist, basic_altar,
          portal_ice_cave_entry_pillars_2, minivault_26,
          minmay_lair_oklob_bushes

Skill      XL: |  1  2  3  4  5  6  7  8  9 10 11 12 |
---------------+-------------------------------------+-----
Fighting       | 1 2 3 4 5 6 7 8 9 |  9.0
Conjurations   | 2 3 4 5 |  5.0
Armour         | 1 2 5 |  5.9
Air Magic      | 5 6 7 8 10 11 | 11.0
Throwing       | 1 |  1.0
Dodging        | 3 4 5 6 7 8 |  8.0
Spellcasting   | 3 5 8 9 |  9.0
Evocations     | 2 5 |  5.0
Stealth        | 3 |  3.0
Shields        | 4 5 |  5.0
Invocations    | 3 4 |  4.0

Action                   |  1- 3 |  4- 6 |  7- 9 | 10-12 || total
-------------------------+-------+-------+-------+-------++-------
Melee: Spear             |    31 |    17 |    62 |       ||   110
       Kick              |     9 |     2 |    16 |    40 ||    67
       Peck              |     2 |     3 |    15 |    26 ||    46
       Trident           |       |       |     1 |    26 ||    27
       Punch             |       |       |     1 |       ||     1
       Demon whip        |       |       |       |   100 ||   100
Throw: Dart              |       |     1 |     1 |    10 ||    12
 Cast: Shock             |    36 |    64 |   148 |   156 ||   404
       Static Discharge  |     1 |     4 |    17 |    74 ||    96
       Airstrike         |       |       |    16 |    69 ||    85
       Swiftness         |       |       |       |     1 ||     1
       Mephitic Cloud    |       |       |       |     1 ||     1
Invok: Channel Magic     |       |       |       |     5 ||     5
Evoke: Wand              |       |       |     2 |     9 ||    11
  Use: Scroll            |       |       |     1 |     4 ||     5
 Stab: Sleeping          |     1 |     2 |     1 |     1 ||     5
       Paralysed         |       |       |     1 |       ||     1
       Distracted        |       |       |       |     1 ||     1
Armor: Robe              |     6 |     2 |     3 |       ||    11
       Troll leather arm |       |       |     3 |    50 ||    53
Dodge: Dodged            |    24 |    27 |   149 |   249 ||   449
Block: Buckler           |       |       |       |    74 ||    74
